 Dungeon Crawl Stone Soup version 0.29-a0-334-gb41bcbb86e (webtiles) character file.

Game seed: 3703867858861748221

44 spaghetti the Ogre Mage (level 3, 5/31 HPs)
             Began as an Ogre Hedge Wizard on Apr 14, 2022.
             Quit the game on level 2 of the Dungeon.
             The game lasted 00:02:39 (1625 turns).

spaghetti the Ogre Mage (Ogre Hedge Wizard)         Turns: 1625, Time: 00:02:40

Health: 5/31       AC:  3    Str: 20    XL:     3   Next: 62%
Magic:  0/9        EV:  9    Int: 17    God:
Gold:   52         SH:  0    Dex:  8    Spells: 7/11 levels left

rFire   . . .      SeeInvis .   e - +0 dagger (venom) {short}
rCold   . . .      Faith    .   (no shield)
rNeg    . . .      Spirit   .   b - +0 robe
rPois   .          Reflect  .   c - +0 hat
rElec   .          Harm     .   (no cloak)
rCorr   .          Rampage  .   (gloves unavailable)
Will    .....                   (boots unavailable)
Stlth   +.........              (no amulet)
HPRegen 0.10/turn               j - +6 ring of strength
MPRegen 0.11/turn               (no ring)

@: brilliant, quite poisoned (5 -> 2), very slightly contaminated
A: large, unfitting armour, tough skin 1
a: no special abilities


You were on level 2 of the Dungeon.
You visited 1 branch of the dungeon, and saw 2 of its levels.

You collected 52 gold pieces.


Innate Abilities, Weirdness & Mutations

You are too large for most types of armour.
You have tough skin. (AC +1)


   Skills:
 - Level 1.7 Dodging
 - Level 1.4 Stealth
 + Level 4.9 Spellcasting
 - Level 0.8 Conjurations
 - Level 0.8 Summonings
 - Level 0.8 Translocations
 - Level 1.2 Invocations


You had 7 spell levels left.
You knew the following spells:

 Your Spells              Type           Power      Damage    Failure   Level
a - Magic Dart            Conj           40%        1d5       10%         1
b - Slow                  Hex            24%        N/A       14%         1
c - Blink                 Tloc           20%        N/A       16%         2

Your spell library contained the following spells:

 Spells                   Type           Power      Damage    Failure   Level
 Call Imp                 Summ           10%        N/A       16%         2
 Corpse Rot               Necr/Air       12%        N/A       22%         2
 Conjure Flame            Conj/Fire      8%         6-21      34%         3
 Mephitic Cloud           Conj/Pois/Air  7%         N/A       36%         3
 Dispel Undead            Necr           6%         3d8       82%         4
 Death Channel            Necr           3%         N/A       100%        6
 Malign Gateway           Summ/Tloc      5%         N/A       100%        7
 Summon Horrible Things   Summ           5%         N/A       100%        8

Inventory:

Hand Weapons
 a - a +0 dagger {short}
 e - a +0 dagger of venom (weapon) {short}
   (You found it on level 1 of the Dungeon)
Missiles
 f - 41 stones {throwing}
 g - 2 boomerangs {throwing}
Armour
 b - a +0 robe (worn)
 c - a +0 hat (worn)
Jewellery
 j - a +6 ring of strength (left hand)
   (You found it on level 1 of the Dungeon)
Scrolls
 h - a scroll of teleportation {unknown}
 i - a scroll of blinking {unknown}
Potions
 d - 3 potions of magic

Dungeon Overview and Level Annotations

Branches:
Dungeon (2/15)

Altars:

##.#### ..
#...... .. # .##
# .. # .# # ##.#
# # #S.# #######
# #.#@# # #.....#
# #.#.##.#
#.....####
#...>..#
#.....#...
###.####
#.....#... #.##
#....†.... #..#
##.#...... ##.#
#........
#.############..†
#.##.........#...


You could see an adder.


Message History

Aiming: Magic Dart (safe; 10% risk of failure)
Press: ? - help, Shift-Dir - straight line, f/p - adder
Aim: an adder (lightly wounded, 100% to hit)
The magic dart hits the adder.
The adder bites you.
You are poisoned.
The adder poisons you! 😕 HP[-1] MP[-1]
You take 1 damage, and now have 30/31 hp.
You lost 1 mp, and now have 6/9 mp.
Casting: Magic Dart (safe; 10% risk of failure)
Confirm with . or Enter, or press ? or * to list all spells.
Aiming: Magic Dart (safe; 10% risk of failure)
Press: ? - help, Shift-Dir - straight line, f/p - adder
Aim: an adder (moderately wounded, 100% to hit)
The magic dart hits the adder but does no damage.
You feel sick. The adder bites you. 😕 HP[-5] MP[-1]
You take 5 damage, and now have 25/31 hp.
You lost 1 mp, and now have 5/9 mp.
Casting: Magic Dart (safe; 10% risk of failure)
Confirm with . or Enter, or press ? or * to list all spells.
Aiming: Magic Dart (safe; 10% risk of failure)
Press: ? - help, Shift-Dir - straight line, f/p - adder
Aim: an adder (moderately wounded, 100% to hit)
The magic dart hits the adder but does no damage.
You feel sick. The adder barely misses you.
The adder closely misses you. 😕 HP[-1] MP[-1]
You take 1 damage, and now have 24/31 hp.
You lost 1 mp, and now have 4/9 mp.
Casting: Magic Dart (safe; 10% risk of failure)
Confirm with . or Enter, or press ? or * to list all spells.
Aiming: Magic Dart (safe; 10% risk of failure)
Press: ? - help, Shift-Dir - straight line, f/p - adder
Aim: an adder (lightly wounded, 100% to hit)
The magic dart hits the adder.
You feel sick. The adder bites you.
You are more poisoned.
The adder poisons you! 😮 HP[-5] MP[-1]
You take 5 damage, and now have 19/31 hp.
You lost 1 mp, and now have 3/9 mp.
Casting: Magic Dart (safe; 10% risk of failure)
Confirm with . or Enter, or press ? or * to list all spells.
Aiming: Magic Dart (safe; 10% risk of failure)
Press: ? - help, Shift-Dir - straight line, f/p - adder
Aim: an adder (moderately wounded, 100% to hit)
The magic dart hits the adder.
You feel very sick.
The adder closely misses you. 😮 HP[-3] MP[-1]
You take 3 damage, and now have 16/31 hp.
You lost 1 mp, and now have 2/9 mp.
Casting: Magic Dart (safe; 10% risk of failure)
Confirm with . or Enter, or press ? or * to list all spells.
Aiming: Magic Dart (safe; 10% risk of failure)
Press: ? - help, Shift-Dir - straight line, f/p - adder
Aim: an adder (heavily wounded, 100% to hit)
The magic dart hits the adder.
You feel sick.
The adder bites you but does no damage. 😨 HP[-1] MP[-1]
You take 1 damage, and now have 15/31 hp.
You lost 1 mp, and now have 1/9 mp.
Casting: Magic Dart (safe; 10% risk of failure)
Confirm with . or Enter, or press ? or * to list all spells.
Aiming: Magic Dart (safe; 10% risk of failure)
Press: ? - help, Shift-Dir - straight line, f/p - adder
Aim: an adder (heavily wounded, 100% to hit)
You miscast Magic Dart.
You are very lightly contaminated with residual magic.
Nothing appears to happen.
You feel sick. The adder bites you but does no damage. The adder bites you.
* * * LOW HITPOINT WARNING * * *
You are lethally poisoned!
The adder poisons you! 😨 HP[-6]
You take 6 damage, and now have 9/31 hp.
It was a potion of brilliance.
You feel clever all of a sudden.
* * * LOW HITPOINT WARNING * * *
You feel sick. The adder bites you.
* * * LOW HITPOINT WARNING * * *
😱 HP[-6]
You take 6 damage, and now have 3/31 hp.
It was a potion of curing.
You feel better. The adder closely misses you. 😨 HP[+5]
You regained 5 hp, and now have 8/31 hp.
Casting: Magic Dart (safe; 10% risk of failure)
Confirm with . or Enter, or press ? or * to list all spells.
Aiming: Magic Dart (safe; 10% risk of failure)
Press: ? - help, Shift-Dir - straight line, f/p - adder
Aim: an adder (heavily wounded, 100% to hit)
You feel a surge of power!
The magic dart hits the adder.
The adder bites you.
* * * LOW HITPOINT WARNING * * *
You are poisoned.
The adder poisons you!
The adder barely misses you. 😱 HP[-3] MP[-1]
You take 3 damage, and now have 5/31 hp.
You lost 1 mp, and now have 0/9 mp.
Unknown command.
Unknown command.
Are you sure you want to abandon this character and quit the game? (Confirm with "yes".)

Skill      XL: |  1  2  3 |
---------------+----------+-----
Spellcasting   | 4 |  4.9
Invocations    | 1 |  1.2
Dodging        | |  1.7
Stealth        | |  1.4
Conjurations   | |  0.8
Summonings     | |  0.8
Translocations | |  0.8

Action                   || total
-------------------------++-------
Melee: Dagger            ||    38
       Punch             ||     1
 Cast: Magic Dart        ||    66
  Use: Potion            ||     3
 Stab: Invisible         ||     3
       Sleeping          ||     1
Armor: Robe              ||    16
Dodge: Dodged            ||    41

Levels and vault maps discovered:
D:1:      lightli_arrival_boilingwater, layout_basic,
          ebering_ecumenical_altar_hall
D:2:      layout_loops_cross, basic_altar, uniq_jessica

Notes
Turn   | Place    | Note
-------+----------+-------------------------------------------
     0 | D:1      | spaghetti the Ogre Hedge Wizard began the quest for the
                  | Orb.
     0 | D:1      | Reached XP level 1. HP: 16/16 MP: 5/5
     0 | D:1      | magus.rc [v1.9.6]
   302 | D:1      | Reached skill level 4 in Spellcasting
   337 | D:1      | Learned a level 1 spell: Slow
   431 | D:1      | Reached XP level 2. HP: 24/24 MP: 4/7
  1001 | D:1      | Found a faded altar of an unknown god.
  1180 | D:1      | You add the spells Malign Gateway and Summon Horrible
                  | Things to your library.
  1329 | D:1      | You pick up a book of Decay and begin reading...
  1329 | D:1      | You add the spells Corpse Rot, Dispel Undead and Death
                  | Channel to your library.
  1365 | D:2      | Reached XP level 3. HP: 21/28 MP: 3/9
  1368 | D:2      | Learned a level 2 spell: Blink
  1490 | D:2      | Reached skill level 1 in Invocations
  1622 | D:2      | HP: 7/31 [poisoned by an adder]
  1622 | D:2      | HP: 3/31 [adder (4)]
  1625 | D:2      | Quit the game

Vanquished Creatures
  2 adders (D:2)
  5 ball pythons
  3 endoplasms
  A goblin (D:1)
  3 hobgoblins (D:1)
  4 jackals (D:1)
  2 bats (D:1)
  2 kobolds (D:1)
  3 rats
25 creatures vanquished.

Table legend:
 A = Non-vault XP
 B = Vault XP
 C = Vault XP percentage of total XP
 D = Non-vault monster count
 E = Vault monster count
 F = Vault count percentage of total count
                 A         B        C        D         E       F
            +---------+---------+-------+---------+---------+-------
      Total |      64 |       0 |   0.0 |      25 |       0 |   0.0
            +---------+---------+-------+---------+---------+-------
        D:1 |      30 |       0 |   0.0 |      18 |       0 |   0.0
        D:2 |      34 |       0 |   0.0 |       7 |       0 |   0.0
            +---------+---------+-------+---------+---------+-------

Illustrated notes

Table legend:
 A = Kills in this place as a percentage of kills in entire the game.
 B = Kills by you in this place as a percentage of kills by you in the entire game.
 C = Kills by friends in this place as a percentage of kills by friends in the entire game.
 D = Other kills in this place as a percentage of other kills in the entire game.
 E = Experience gained in this place as a percentage of experience gained in the entire game.
 F = Experience gained in this place divided by the number of levels of this place that you have seen.
                   A       B       C       D       E      F
               +-------+-------+-------+-------+-------+----------------------
         Total | 100.0 | 100.0 |   N/A |   N/A | 100.0 |  32.0
       Dungeon | 100.0 | 100.0 |   N/A |   N/A | 100.0 |  32.0
               +-------+-------+-------+-------+-------+----------------------

Table legend: (Time is in decaauts)
 A = Elapsed time spent in this place.
 B = Non-inter-level travel time spent in this place.
 C = Inter-level travel time spent in this place.
 D = Time resting spent in this place.
 E = Time spent auto-exploring this place.
 F = Levels seen in this place.
 G = Mean time per level.
                   A        B        C        D        E       F      G
               +--------+--------+--------+--------+--------+-----+--------+
         Total |   1625 |   1605 |     20 |      4 |   1431 |   2 |  812.5 |
       Dungeon |   1625 |   1605 |     20 |      4 |   1431 |   2 |  812.5 |
               +--------+--------+--------+--------+--------+-----+--------+

Top non-repeatable levels by time:
     D:1: 1355 daAuts
     D:2: 269 daAuts
